 Dungeon Crawl Stone Soup version 0.28-a0-834-g1a73be5ee4 (webtiles) character file.

Game seed: 9397869302088978435

522 funkygono the Magician (level 7, -5/47 HPs)
             Began as a Djinni Fire Elementalist on Nov 11, 2021.
             Slain by an iguana (7 damage)
             ... on level 5 of the Dungeon.
             The game lasted 00:07:58 (4878 turns).

funkygono the Magician (Djinni Fire Elementalist)   Turns: 4878, Time: 00:07:58

Health: -5/47      AC:  4    Str:  8    XL:     7   Next: 46%
Gold:   236        EV: 12    Int: 17    God:
                   SH:  0    Dex: 14

rFire   + + .      SeeInvis .   o - +0 falchion (protect)
rCold   x . .      Faith    .   (no shield)
rNeg    . . .      Spirit   .   a - +0 robe
rPois   ∞          Reflect  .   m - +0 helmet
rElec   .          Harm     .   s - +0 cloak
rCorr   .          Rampage  .   (no gloves)
Will    .....                   (boots unavailable)
Stlth   ++........              c - amulet of the acrobat
HPRegen 0.15/turn               (no ring)
MPRegen 0.00/turn               (no ring)

@: flying
A: sickness immunity, fire resistance 2, cold vulnerability 1, float, innate
caster, hp casting, extra vitality 1
a: no special abilities


You were on level 5 of the Dungeon.
You visited 1 branch of the dungeon, and saw 5 of its levels.

You collected 236 gold pieces.

Inventory:

Hand Weapons
 d - a +0 whip
 e - a +0 dagger of venom
 i - a +0 dagger of venom
 o - a +0 falchion of protection (weapon)
Missiles
 f - 144 stones
Armour
 a - a +0 robe (worn)
 m - a +0 helmet (worn)
 s - a +0 cloak (worn)
Jewellery
 c - an amulet of the acrobat (around neck)
Scrolls
 g - a scroll of silence
Potions
 b - a potion of brilliance
 j - a potion of attraction {unknown}
 l - 2 potions of might
 n - a potion of haste {unknown}
 q - a potion of flight {unknown}


   Skills:
 + Level 1.0 Fighting
 + Level 0.4(0.5) Short Blades
 + Level 0.2(0.3) Long Blades
 + Level 2.5 Dodging
 + Level 2.4 Stealth
 + Level 5.7 Spellcasting


You couldn't memorise any spells.
You knew the following spells:

 Your Spells              Type           Power      Damage    Failure   Level
a - Foxfire               Conj/Fire      96%        2x1d8     1%          1
b - Scorch                Fire           48%        2d7       1%          2
c - Conjure Flame         Conj/Fire      24%        6-21      3%          3
d - Inner Flame           Hex/Fire       24%        N/A       3%          3
e - Flame Wave            Conj/Fire      24%        3d6       13%         4
f - Slow                  Hex            96%        N/A       1%          1
g - Passwall              Tmut/Erth      20%        N/A       1%          2
h - Corpse Rot            Necr/Air       48%        N/A       1%          2
Your spell library was empty.

Dungeon Overview and Level Annotations

Branches:
Dungeon (5/15)
 Temple: D:4-7

Altars:
Hepliaklqana
Nemelex Xobeh


Innate Abilities, Weirdness & Mutations

You are immune to sickness and miasma.
You are immune to poison.
Your flesh is very heat resistant. (rF++)
You are vulnerable to cold. (rC-)
You float through the air rather than walking.
You learn spells naturally, not from books.
Your magical power is your life essence.
You have superior vitality. (+4 HP)


Message History

The iguana is heavily wounded.
Casting: Foxfire (safe; 1% risk of failure)
Confirm with . or Enter, or press ? or * to list all spells.
You conjure some foxfire!
Unknown command.
Casting: Foxfire (safe; 1% risk of failure)
Confirm with . or Enter, or press ? or * to list all spells.
You conjure some foxfire!
The foxfire hits the iguana.
The iguana is heavily wounded.
The foxfire hits the iguana.
The iguana is heavily wounded.
Unknown command.
You barely miss the iguana.
The iguana is heavily wounded.
The foxfire hits the iguana.
The iguana is severely wounded.
The foxfire hits the iguana but does no damage.
The iguana is severely wounded.
The iguana bites you but does no damage.
You hit the iguana.
Your weapon exudes an aura of protection.
The iguana is almost dead.
The iguana closely misses you.
You hit the iguana but do no damage.
The iguana is almost dead.
The iguana barely misses you. The iguana bites you!
* * * LOW HITPOINT WARNING * * *
You barely miss the iguana.
The iguana is almost dead.
The iguana hisses menacingly.
The iguana bites you!
* * * LOW HITPOINT WARNING * * *
You barely miss the iguana.
The iguana is almost dead.
The iguana closely misses you.
Okay, then.
You closely miss the iguana.
The iguana is almost dead.
The iguana bites you!
You die...

#..## ....##
###...#.#
###........ ..
##..........
..###.....).....
##.......)...)..
../....@))......
#.###.##.l.)......
......##........#.
..........####..#
$....##..## ## ...
#....### .
#......#
##..##.###### ..
#............# ..


You could see an iguana.

Vanquished Creatures
  A jelly (D:5)
  3 hounds (D:5)
  A gnoll shaman (D:5)
  2 orc priests (D:5)
  A bullfrog skeleton (D:5)
  An orc wizard (D:5)
  A hound skeleton (D:4)
  Robin (D:2)
  5 gnolls (D:5)
  7 adders
  An adder skeleton (D:4)
  A worm (D:5)
  3 dart slugs
  12 orcs
  10 ball pythons
  6 bats
  5 endoplasms
  A giant cockroach (D:3)
  14 goblins
  7 hobgoblins
  3 jackals (D:1)
  3 quokkas (D:1)
  4 frilled lizards
  9 kobolds
  2 rats
104 creatures vanquished.

Vanquished Creatures (others)
  297 foxfires
297 creatures vanquished.

Grand Total: 401 creatures vanquished

Notes
Turn   | Place    | Note
-------+----------+-------------------------------------------
     0 | D:1      | funkygono the Djinni Fire Elementalist began the quest for
                  | the Orb.
     0 | D:1      | Reached XP level 1. HP: 15/15 MP: 0/0
   294 | D:1      | Reached XP level 2. HP: 12/21 MP: 0/0
   675 | D:1      | Reached skill level 3 in Spellcasting
   850 | D:1      | Reached XP level 3. HP: 23/25 MP: 0/0
   850 | D:1      | Learned a level 1 spell: Slow
  1784 | D:2      | Reached XP level 4. HP: 29/31 MP: 0/0
  2068 | D:2      | Noticed Robin
  2075 | D:2      | Killed Robin
  2318 | D:2      | Found a faded altar of an unknown god.
  2771 | D:3      | Reached XP level 5. HP: 33/35 MP: 0/0
  2771 | D:3      | Learned a level 2 spell: Passwall
  2809 | D:3      | Reached skill level 4 in Spellcasting
  3569 | D:4      | Found a sparkling altar of Nemelex Xobeh.
  3784 | D:4      | Found a hazy altar of Hepliaklqana.
  4416 | D:5      | Entered Level 5 of the Dungeon
  4422 | D:5      | Reached XP level 6. HP: 36/41 MP: 0/0
  4484 | D:5      | HP: 2/41 [orc (8)]
  4508 | D:5      | Reached skill level 5 in Spellcasting
  4761 | D:5      | Reached XP level 7. HP: 30/46 MP: 0/0
  4761 | D:5      | Learned a level 2 spell: Corpse Rot
  4854 | D:5      | Reached skill level 1 in Fighting
  4876 | D:5      | HP: 1/47 [iguana (11)]
  4878 | D:5      | Slain by an iguana

Illustrated notes

Levels and vault maps discovered:
D:1:      saegor_arrival_simple_c, layout_basic, serial_rivers,
          chequers_serial_rivers_micro_a, chequers_serial_rivers_small_b,
          chequers_serial_rivers_micro_b, chequers_serial_rivers_micro_c,
          chequers_serial_rivers_small_3, chequers_serial_rivers_micro_e
D:2:      layout_rooms, hellmonk_ecumenical_altar_run_dry, uniq_robin
D:3:      layout_loops_ring
D:4:      layout_gridville, old_standard_altar, nicolae_overflow_crystal_walls
D:5:      layout_cave_pools, mainiacjoe_overflow_six_doors_small,
          portal_sewer_entry_c

Skill      XL: |  1  2  3  4  5  6  7 |
---------------+----------------------+-----
Spellcasting   | 3 4 5 |  5.7
Stealth        | 2 |  2.4
Fighting       | 1 |  1.0
Short Blades   | |  0.4
Long Blades    | |  0.2
Dodging        | |  2.5

Action                   |  1- 3 |  4- 6 |  7- 9 || total
-------------------------+-------+-------+-------++-------
Melee: Dagger            |     5 |     7 |       ||    12
       Falchion          |       |    13 |     6 ||    19
 Cast: Foxfire           |    50 |   113 |    16 ||   179
       Scorch            |     3 |    13 |       ||    16
       Slow              |     1 |       |       ||     1
       Inner Flame       |     1 |       |       ||     1
       Flame Wave        |       |       |     1 ||     1
  Use: Scroll            |       |     9 |       ||     9
       Potion            |       |     1 |     1 ||     2
Armor: Robe              |       |     4 |     3 ||     7
Dodge: Dodged            |     9 |    27 |    12 ||    48

Table legend: (Time is in decaauts)
 A = Elapsed time spent in this place.
 B = Non-inter-level travel time spent in this place.
 C = Inter-level travel time spent in this place.
 D = Time resting spent in this place.
 E = Time spent auto-exploring this place.
 F = Levels seen in this place.
 G = Mean time per level.
                   A        B        C        D        E       F      G
               +--------+--------+--------+--------+--------+-----+--------+
         Total |   4880 |   4808 |     72 |    426 |   3674 |   5 |  976.0 |
       Dungeon |   4880 |   4808 |     72 |    426 |   3674 |   5 |  976.0 |
               +--------+--------+--------+--------+--------+-----+--------+

Top non-repeatable levels by time:
     D:1: 1617 daAuts
     D:2: 1041 daAuts
     D:4: 941 daAuts
     D:3: 812 daAuts
     D:5: 466 daAuts
